Unix NetHack Version 3.7.0-90 Work-in-progress - last build Dec 4 2023 15:25:40 (a4ad6ea61a8c493010e15c9251bbb19a34919cb7,branch:master). Game began 2023-12-04 16:47:16, ended 2023-12-04 18:46:46. DoktorL, lawful female dwarven Valkyrie }}}}}}}}}}}}}}}}}}}}}}}}}}}}}}}}}}}}}}}}}}}}}}}}}}}}}}}}}}}}}}}}}}}}}}}}}}}}} }.}.........}...}.........}....*.....(....}.....$.....}.............}..... } }.}.}}}}}.}}}.}.}.}}}}}.}}}.}}}}}.}}}}}}}}}.}}}}}}}.}.}.}}}}}}}}}}}.}.}}}}} } }.......}...}.}...}@}0..}...}.....}...*.}...}..0....}...}..$....}.}.}.....} } }}}}}}}}}}}.}.}}}}}.} }}}.}}}.}}}}}.}}}.}.}}}.}}}}}.}}}}}}}.}.}$}[}.})}}}.}}} }..... } } } } } } } } } } } } } } } } }...}. } }.}}}}} } }}} } } }}}}} }}} } } }}}}} }}}}} } }}}}} } }}} }}} }}} } }}}}}}} } }.}... p } }.}}}}} }}}}} } }.}...} Ha..... } } } }.}.}.} H a hs....$.. & & }} } }}} }.}.}. R..*.......^ q.... }. } }.}.}}}}}}}}} }}} }}} }}}}} } } }}}}}}}}}}} } }:}}}}} }}}.}}}}}}}}}}}}}}}}}.} }.}.}.} } } } } } } } } } } } } } .}.}.%.......}.}.....} }.}.}.} }}} } } }}} }.}.}.}}}.} } } } } } }}} }}}}} }}} }}}.}}}.}}}.}^}.}}}}} }.}..0} } } } .}...}.}...}...} } } } ..}..*} } } }.}...} }.}}}.}}} }}}}} }}}.}}}.}.}}}}}}}}}.}}}}}}}}}}}.}}}}}<}}}.}}} }}} }}}}}.}&}.} }....$..}.*......$..}. }..$....................}.U.....}......%}... ....}.} }}}}}}}}}}}}}}}}}}}}}}}}}}}}}}}}}}}}}}}}}}}}}}}}}}}}}}}}}}}}}}}}}}}}}}}}}}}}} DoktorL the Warrior St:18/16 Dx:15 Co:18 In:5 Wi:11 Ch:9 Lawful S:343180 Dlvl:38 $:0 HP:0(215) Pw:16(16) AC:-5 Xp:14/95458 T:21119 Blind Latest messages: The soldier ant misses! The soldier ant misses! The soldier ant misses! The soldier ant stings! The soldier ant's sting was poisoned! The poison doesn't seem to affect you. The soldier ant bites! The soldier ant stings! You see here 71 gold pieces. The disenchanter hits! The soldier ant misses! The soldier ant stings! The disenchanter hits! Your gray dragon scale mail seems less effective. The soldier ant bites! The soldier ant stings! The giant spider bites! You feel less confused now. What do you want to use or apply? [dehistv-xABEJKT-V or ?*] Nothing happens. The giant spider misses! The disenchanter hits! The soldier ant bites! The soldier ant misses! What do you want to put on? [fV or ?*] You are now wearing a towel around your head. You can't see any more. The giant spider misses! The disenchanter hits! Your shield of reflection seems less effective. The soldier ant bites! The soldier ant stings! The giant spider bites! The giant spider's bite was poisoned! The poison doesn't seem to affect you. The soldier ant misses! The soldier ant misses! The minotaur hits! The minotaur hits again! The minotaur butts! The giant spider bites! The minotaur hits! The minotaur hits again! The minotaur butts! The giant spider misses! The giant spider bites! The minotaur hits! The minotaur hits again! You die... Do you want your possessions identified? [ynq] (y) Inventory: Weapons a - the blessed rustproof +3 Excalibur (weapon in right hand) Armor j - an uncursed +0 dwarvish iron helm (being worn) y - an uncursed thoroughly burnt +0 pair of leather gloves (being worn) I - an uncursed +0 pair of jumping boots Y - an uncursed fireproof +0 pair of water walking boots (being worn) O - a blessed +1 shield of reflection (being worn) n - an uncursed +0 gray dragon scale mail (being worn) Comestibles g - an uncursed lizard corpse Scrolls N - a cursed scroll of fire Rings M - a cursed ring of searching (on right hand) f - an uncursed ring of warning Wands J - a wand of create monster (0:12) h - a blessed wand of digging (0:7) A - a wand of digging (0:4) K - a wand of digging (0:2) E - a wand of striking (0:3) T - a cursed wand of striking (0:4) U - a wand of teleportation (0:1) Tools t - an uncursed bag of holding containing 36 items x - an uncursed bugle B - the Bell of Opening (0:3) i - a magic marker (0:29) v - a magic marker (0:13) w - the blessed Orb of Fate (1:4) d - a +0 pick-axe s - an uncursed skeleton key V - an uncursed towel (being worn) e - a blessed +0 unicorn horn Gems/Stones L - an uncursed worthless piece of green glass Contents of the bag of holding: 62 gold pieces the rustproof +0 Mjollnir 7 uncursed C-rations an uncursed food ration 4 blessed scrolls of blank paper 2 cursed scrolls of blank paper an uncursed scroll of earth 2 blessed scrolls of identify 2 uncursed scrolls of magic mapping 3 cursed scrolls of teleportation an uncursed scroll of teleportation an uncursed potion of see invisible 5 potions of holy water 2 potions of unholy water 2 uncursed potions of extra healing an uncursed potion of fruit juice an uncursed potion of full healing a blessed potion of invisibility 2 uncursed potions of invisibility an uncursed potion of speed a blessed ring of teleport control a cursed ring of invisibility an uncursed ring of levitation a wand of cold (0:5) a wand of locking (0:2) a wand of undead turning (0:1) a wand of create monster (0:0) a wand of digging (0:6) a wand of digging (0:6) a wand of digging (0:5) a wand of fire (0:4) a wand of speed monster (0:3) a wand of speed monster (0:6) a wand of teleportation (0:0) a wand of wishing (1:1) an uncursed oil lamp DoktorL the Valkyrie's attributes: Background: You were a Warrior, a level 14 dwarven Valkyrie. You were lawful, on a mission for Tyr who was opposed by Odin (neutral) and Loki (chaotic). You were right-handed. You were in Gehennom, on level 38. You entered the dungeon 21119 turns ago. You had 95458 experience points, 64542 more were needed to attain level 15. Your score was 343180 before end-of-game adjustments. Basics: You had 0 out of 215 hit points. You had all 16 energy points (spell power). Your armor class was -5. Your wallet was empty, but you had 62 zorkmids stashed away in your pack. Autopickup was on for '?!=/' plus thrown, with exceptions. Final Characteristics: Your strength was 18/16 (limit:18/100). Your dexterity was 15 (peak:16, limit:20). Your constitution was 18 (peak:20, limit:20). Your intelligence was 5 (peak:6, limit:16). Your wisdom was 11 (limit:16). Your charisma was 9 (limit:16). Final Status: You were deliberately blind. You weren't hungry. You were unencumbered. You were wielding a long sword. You had expert skill with long sword. Final Attributes: You were piously aligned. You were magic-protected. You were fire resistant. You were cold resistant. You were sleep resistant. You were poison resistant. You were level-drain resistant. You would have seen invisible when not blind. You were telepathic. You were warned. You had automatic searching. You had infravision. You were stealthy. You could walk on water. You took half physical damage. You took half spell damage. You had reflection. You were lucky. You had extra luck. Good luck did not time out for you. You are dead (2nd time!). Miscellaneous: You disabled loading of bones levels. Total elapsed playing time was 1 hour, 41 minutes and 40 seconds. Major events: Turn 1: DoktorL the lawful dwarven Valkyrie entered the dungeon 1118: attained the rank of Skirmisher (level 3) 2553: was bestowed with Mjollnir by Tyr 2778: entered the Gnomish Mines 3304: reached Mine Town 4332: attained the rank of Fighter (level 6) 5492: endured an absurd aquatic ceremony, and now wields Excalibur 6158: entered Sokoban 11379: attained the rank of Woman-at-arms (level 10) 12197: made her first wish - "2 cursed genocide", got "2 scrolls labeled READ ME" 12304: wished for "marker", got "a magic marker" 14494: entered Gehennom 15059: attained the rank of Warrior (level 14) 16939: killed Medusa 18277: found the Orb of Fate on the floor 18331: killed Lord Surtur 18333: acquired the Bell of Opening 18638: wished for "2 holy charging", got "2 scrolls labeled LOREM IPSUM" 18642: wished for "holy ring of teleport control", got "a tiger eye ring" 18807: performed her first genocide (class L) 19320: bribed Asmodeus with 50 zorkmids for safe passage 19445: killed Juiblex 19969: wished for "marker", got "a magic marker" 19974: genocided master mind flayers 20722: killed Yeenoghu 20731: killed Baalzebub 20981: averted death (killed by a minotaur) 21119: killed by a minotaur Vanquished creatures: Baalzebub Yeenoghu Juiblex Medusa 6 gray dragons an orange dragon a black dragon a green dragon a yellow dragon 5 minotaurs Lord Surtur 4 baluchitheria a demilich a master mind flayer 3 Olog-hai 2 Nazgul 2 sandestins a titanothere 5 vampire leaders 5 liches 4 nurses 2 ice devils 2 nalfeshnees a lurker above 2 frost giants 4 vampires 6 lieutenants 17 ghosts 22 fire giants an ogre tyrant 2 ice trolls an umber hulk a flesh golem an elven monarch a hezrou a bone devil a large mimic 4 stalkers an air elemental a fire elemental 4 earth elementals a water elemental 4 hill giants 4 giant mummies 2 black nagas 3 xorns 7 giant zombies 10 sergeants 11 vrocks a salamander a warg 2 hell hound pups a small mimic 2 warhorses a steam vortex 6 xans 3 ettin mummies 3 ogre leaders 2 quantum mechanics 8 trolls 3 erinyes a marilith 3 sharks 2 gelatinous cubes 3 pyrolisks a large dog 2 freezing spheres a flaming sphere a shocking sphere 4 tigers a gargoyle 4 leocrottas 2 mountain centaurs 2 stone giants an elf mummy 2 human mummies 2 red nagas a python 2 pit vipers 2 cobras 21 wraiths 2 carnivorous apes 5 ettin zombies 2 leather golems 2 Grey-elves 45 soldiers 2 amorous demons a horned devil 3 chameleons 2 crocodiles 5 giant beetles 2 quivering blobs 8 cockatrices 5 wolves 4 panthers a gremlin a spotted jelly 3 leprechauns a mumak 2 giant spiders 5 scorpions a horse a black light 7 vampire bats a gnome ruler 4 orc mummies an ogre 2 brown puddings 3 rust monsters 5 owlbears a yeti a werewolf 5 Green-elves 4 giant eels 7 lizards 4 dingoes 3 housecats 2 jaguars 2 blue jellies a white unicorn a gray unicorn a black unicorn 4 dust vortices a raven 5 snakes 2 water moccasins 12 apes 9 human zombies a rope golem 5 Woodland-elves 5 soldier ants 59 fire ants a bugbear an imp 2 quasits a wood nymph 3 water nymphs 7 Uruk-hai 2 orc shamans a rock piercer a rock mole 2 ponies a fog cloud 4 yellow lights a shrieker 2 violet fungi 2 kobold mummies 2 gray oozes 6 elf zombies 5 ghouls a straw golem a paper golem 15 giant ants a little dog 5 floating eyes 3 dwarves a homunculus 15 hill orcs 9 rothes a rabid rat a giant bat 2 monkeys 5 orc zombies 7 dwarf zombies a wererat a werejackal 3 iguanas 13 killer bees an acid blob 5 coyotes a hobbit 2 cave spiders 3 brown molds a yellow mold 2 green molds a red mold 3 gnomes 5 garter snakes 6 gnome zombies 2 geckos 6 jackals 5 foxes a kobold 5 goblins 4 sewer rats 2 grid bugs 7 lichens 4 kobold zombies 11 newts 723 creatures vanquished. Genocided or extinct species: arch-liches master liches demiliches master mind flayers liches erinyes (extinct) 5 species genocided. 1 species extinct. Voluntary challenges: You read items or engraved 36 times. You never engraved Elbereth. You genocided 5 types of monsters. You never polymorphed an object. You never changed form. You used 5 wishes. You did not wish for any artifacts. You did not violate any of the special Sokoban rules. Achievements: You entered a shop. You attained the rank of Skirmisher. You entered the Gnomish Mines. You entered Minetown. You attained the rank of Fighter. You entered Sokoban. You attained the rank of Woman-at-arms. You learned the tune to open and close the Castle's drawbridge. You entered Gehennom. You attained the rank of Warrior. You defeated Medusa. You had the Bell of Opening. You entered a temple. The Dungeons of Doom: levels 1 to 27 Level 1: Level 2: An altar to Tyr, a grave. Level 3: "MATOCK" A delicatessen, a fountain. Stairs down to The Gnomish Mines. Level 4: Level 5: A general store. Level 6: Level 7: Some fountains. Level 8: Oracle of Delphi. Level 9: A throne, a fountain. Stairs up to Sokoban, level 8. Level 10: A sink. Level 11: Level 12: A grave. Level 13: Level 14: An altar. Portal to The Quest. Level 15: A primitive area. Level 16: An altar, a fountain. Level 17: Level 18: Level 19: Level 20: A fountain. Level 21: A sink. Level 22: A fountain. Level 23: Some altars to Tyr, a throne. Level 24: Level 25: A fountain. Level 26: Some fountains, many trees. Level 27: A throne, a fountain. The castle (play notes "EGGBE" to open or close drawbridge). Connection to Gehennom. Gehennom: levels 28 to 38 Level 28: A temple and an altar, many graves. Valley of the Dead. Level 29: Level 30: Level 31: Level 32: Level 33: Level 34: Level 35: Level 36: Level 37: Level 38: <- You were here. Final resting place for you, killed by a minotaur. The Gnomish Mines: levels 4 to 7 Level 4: Level 5: Level 6: Level 7: A fountain. The Quest: levels 1 to 6 Level 1: A fountain. Completed quest for the Norn. Level 2: Level 3: Level 4: Level 5: Level 6: Sokoban: levels 8 up to 7 Level 7: Unsolved. Level 8: Unsolved. Game over: ---------- / \ / REST \ / IN \ / PEACE \ / \ | DoktorL | | 62 Au | | killed by a | | minotaur | | | | | | 2023 | *| * * * | * _________)/\\_//(\/(/\)/\//\/|_)_______ Farvel DoktorL the Valkyrie... You died in Gehennom on dungeon level 38 with 343174 points, and 62 pieces of gold, after 21119 moves. You were level 14 with a maximum of 215 hit points when you died.